 Dungeon Crawl Stone Soup version 0.28.0-53-g5a82cb258f (webtiles) character file.

Game seed: 8033477091021922885

380 Mattiprrivan the Slasher (level 6, -1/47 HPs)
             Began as a Vampire Berserker on May 28, 2022.
             Was a Believer of Trog.
             Slain by an orc
             ... wielding a +2 dagger of holy wrath
              (2 damage)
             ... on level 5 of the Dungeon.
             The game lasted 00:15:40 (3280 turns).

Mattiprrivan the Slasher (Vampire Berserker)        Turns: 3280, Time: 00:15:42

Health: -1/47      AC:  8    Str: 18    XL:     6   Next: 46%
Magic:  6/6        EV: 12    Int:  9    God:    Trog [**....]
Gold:   301        SH:  0    Dex: 14    Spells: 5/5 levels left

rFire   . . .      SeeInvis +   c - +0 long sword
rCold   + . .      Faith    .   (no shield)
rNeg    . . .      Spirit   .   e - +1 ring mail
rPois   .          Reflect  .   (no helmet)
rElec   .          Harm     .   (no cloak)
rCorr   .          Rampage  .   a - +0 pair of gloves
Will    .....                   d - +0 pair of boots
Stlth   ++........              (no amulet)
HPRegen 0.35/turn               f - ring of protection from cold
MPRegen 0.10/turn               (no ring)

@: about to teleport, on berserk cooldown, healing quickly
A: alive, fangs 3, see invisible, vampiric 2
a: Exsanguinate, Renounce Religion, Berserk, Trog's Hand


You were on level 5 of the Dungeon.
You worshipped Trog.
Trog was pleased with you.
You visited 1 branch of the dungeon, and saw 5 of its levels.

You collected 301 gold pieces.

Inventory:

Hand Weapons
 c - a +0 long sword (weapon)
Armour
 a - a +0 pair of gloves (worn)
 d - a +0 pair of boots (worn)
 e - a +1 ring mail (worn)
Jewellery
 f - a ring of protection from cold (left hand)
Wands
 i - a wand of polymorph (6)
 k - a wand of paralysis (9)
Scrolls
 j - 2 scrolls of immolation


   Skills:
 * Level 3.4 Fighting
 * Level 5.0 Long Blades
 * Level 2.8 Armour
 * Level 3.2 Dodging
 * Level 2.7 Stealth
 * Level 1.8 Unarmed Combat
 * Level 0.3 Evocations


You had 5 spell levels left.
You didn't know any spells.
Your spell library was empty.

Dungeon Overview and Level Annotations

Branches:
Dungeon (5/15)
 Temple: D:4-7

Altars:
Gozag
Xom
The Shining One


Innate Abilities, Weirdness & Mutations

Your natural rate of healing is accelerated.
You have razor-sharp teeth.
You have supernaturally acute eyesight. (SInv)
You are afflicted with vampirism and can become a bat while bloodless.


Message History

The orc wizard gestures at you while chanting.
You are confused.
The hound closely misses you.
An orc comes into view. It is wielding a +0 hand axe.
The orc hits you with a +0 hand axe.
* * * LOW HITPOINT WARNING * * *
The orc shouts!
The hound closely misses you. The hound bites you but does no damage.
The orc closely misses you. The orc misses you.
You bump into the rock wall.
The hound bites you.
* * * LOW HITPOINT WARNING * * *
The orc wizard gestures wildly while chanting.
The orc wizard flickers and vanishes for a moment.
The orc barely misses you. The hound barely misses you.
The orc hits you with a +2 dagger of holy wrath.
* * * LOW HITPOINT WARNING * * *
You convulse.
* * * LOW HITPOINT WARNING * * *
The orc wizard points at you and mumbles some strange words.
The magic dart hits you.
* * * LOW HITPOINT WARNING * * *
The orc barely misses you.
Okay, then.
You feel strangely stable.
Your magical effects are unravelling.
You feel magically purged.
You feel yourself speed up.
You feel less confused. The hound bites you.
* * * LOW HITPOINT WARNING * * *
The orc barely misses you. The hound closely misses you.
The orc hits you but does no damage. The orc closely misses you.
The hound bites you but does no damage. The orc wizard closely misses you.
The orc barely misses you.
As you read the scroll of teleportation, it crumbles to dust.
You feel strangely unstable. The hound bites you but does no damage.
The orc hits you but does no damage.
The orc hits you with a +2 dagger of holy wrath.
* * * LOW HITPOINT WARNING * * *
You convulse.
You die...

..........
..........
#.........#
..........#
..........# .)
.........# ...
.........# ...#
#####o##@.###...
......ohoo......
###.#.....!.#####
......#.........
....#.......###. #
... #<......###...
## #...........#
##...#..########
#.............#.##.


You could see a hound and 3 orcs.

Vanquished Creatures
  Sigmund (D:2)
  A hound (D:4)
  A centaur skeleton (D:4)
  A hound zombie (D:5)
  7 adders
  A white imp (D:5)
  A worm (D:2)
  A dart slug (D:1)
  8 ball pythons
  10 bats
  7 endoplasms
  5 giant cockroaches
  5 goblins
  10 hobgoblins
  2 jackals (D:5)
  3 quokkas (D:1)
  2 frilled lizards (D:2)
  5 kobolds
  4 rats (D:2)
75 creatures vanquished.

Vanquished Creatures (others)
  18 plants (D:4)
18 creatures vanquished.

Grand Total: 93 creatures vanquished

Notes
Turn   | Place    | Note
-------+----------+-------------------------------------------
     0 | D:1      | Mattiprrivan the Vampire Berserker began the quest for the
                  | Orb.
     0 | D:1      | Reached XP level 1. HP: 17/17 MP: 1/1
   225 | D:1      | Reached XP level 2. HP: 23/23 MP: 2/2
   256 | D:1      | Found a faded altar of an unknown god.
   961 | D:1      | Gained mutation: You are afflicted with vampirism and can
                  | become a bat while bloodless. [Vampire growth]
   961 | D:1      | Reached XP level 3. HP: 26/29 MP: 3/3
  1129 | D:2      | Noticed Sigmund
  1147 | D:2      | Killed Sigmund
  1148 | D:2      | Reached skill level 4 in Long Blades
  1148 | D:2      | Reached skill level 1 in Stealth
  1148 | D:2      | Reached skill level 1 in Unarmed Combat
  1148 | D:2      | Reached XP level 4. HP: 27/35 MP: 4/4
  1148 | D:2      | Reached XP level 5. HP: 31/41 MP: 5/5
  1275 | D:2      | Reached ** piety under Trog
  2007 | D:3      | Identified the +3 spear of Doiv {chaos, Fly rPois rF+++
                  | Dex-3}
  2102 | D:3      | Found an opulent altar of Gozag.
  2495 | D:4      | Reached XP level 6. HP: 47/47 MP: 6/6
  2588 | D:4      | Found a shimmering altar of Xom.
  3216 | D:5      | Entered Level 5 of the Dungeon
  3268 | D:5      | Reached skill level 5 in Long Blades
  3278 | D:5      | HP: 1/47 [hound (4)]
  3280 | D:5      | Slain by an orc

Illustrated notes

Levels and vault maps discovered:
D:1:      minmay_arrival_shoal_huts, layout_basic,
          shapermc_ecumenical_altar_mp_vishouse, minivault_27,
          roderic_serpentine_path, hangedman_decor_push, chequers_avenue
D:2:      layout_basic, corner_web_ring, st_stairs_4, uniq_sigmund
D:3:      layout_basic, lemuel_round_altar, mainiacjoe_overflow_small_starburst
D:4:      layout_loops_ring, xom_teletrap_fun, serial_bayou,
          serial_bayou_shore_b, serial_bayou_shore_b, serial_bayou_lake_a,
          serial_bayou_shore_b, serial_bayou_pond_d
D:5:      corexii_shantytown, layout_basic, okawaru_ov_weapons_minmay,
          uniq_eustachio

Skill      XL: |  1  2  3  4  5  6 |
---------------+-------------------+-----
Fighting       | 3 |  3.4
Long Blades    | 4 5 |  5.0
Armour         | 2 |  2.8
Dodging        | 3 |  3.2
Stealth        | 1 2 |  2.7
Unarmed Combat | 1 |  1.8
Evocations     | |  0.3

Action                   |  1- 3 |  4- 6 || total
-------------------------+-------+-------++-------
Melee: Falchion          |    14 |       ||    14
       Long sword        |    81 |   120 ||   201
       Bite              |     7 |     7 ||    14
       Punch             |       |     2 ||     2
Invok: Berserk           |     2 |     1 ||     3
Evoke: Wand              |       |     1 ||     1
  Use: Scroll            |     5 |     8 ||    13
       Potion            |     2 |     5 ||     7
 Stab: Sleeping          |     1 |     2 ||     3
       Invisible         |       |     1 ||     1
Armor: Animal skin       |    14 |       ||    14
       Ring mail         |    21 |    59 ||    80
Dodge: Dodged            |    64 |   111 ||   175
